Map: [ESL] Alcyone

Players

soO

  • Race: Zerg Zerg
  • Spawn Location: 7:00

Coffeeame (Coffee) - Winner!

  • Race: Terran Terran
  • League: Grandmaster
  • Spawn Location: 1:00

Event: IEM Katowice 2024

VOD

Have the link to the VOD?

Description

Time

  • Played on: Dec. 5, 2023, 5:22 a.m.
  • Length: 11:41

All games in this series

Show
View Real Time Build Order
Export as new Build Order

soO Zerg 

Build Orders: Hatch First, Lurkers 

Get SALT Encoding   

  12  0:00  Drone  
  13  0:11  Overlord  
  13  0:16  Drone  
  14  0:30  Drone x2  
  16  0:47  Hatchery  
  15  0:51  Drone  
  15  0:54  Drone  
  17  0:57  Drone  
  18  1:09  Extractor  
  17  1:12  Spawning Pool  
  17  1:15  Drone  
  17  1:17  Drone  
  18  1:27  Drone  
  19  1:40  Drone  
  20  1:49  Drone  
  21  1:59  Queen x2  
  21  2:00  Zergling x4  
  27  2:10  Overlord  
  27  2:15  Zergling x2  
  27  2:20  Hatchery  
  27  2:26  Zergling x2  
  28  2:31  Zergling x2  
  28  2:34  Drone  
  28  2:35  Metabolic Boost  
  30  2:41  Queen  
  32  2:50  Queen  
  34  2:54  Overlord  
  34  2:57  Drone  
  35  3:00  Drone  
  36  3:14  Zergling x6  
  36  3:15  Zergling x2  
  36  3:16  Drone x2  
  42  3:26  Drone x2  
  42  3:41  Drone x2, Queen  
  42  3:42  Drone  
  42  3:43  Drone  
  42  3:44  Drone  
  49  3:52  Zergling x6  
  50  3:56  Overlord  
  50  4:01  Queen  
  50  4:05  Overlord  
  50  4:15  Drone x7  
  57  4:18  Drone  
  57  4:23  Queen  
  60  4:26  Drone x2  
  60  4:27  Drone x2  
  60  4:28  Drone x2  
  66  4:33  Overlord  
  66  4:34  Overlord  
  66  4:41  Lair  
  66  4:45  Extractor, Drone, Overlord  
  66  4:47  Overlord  
  66  4:51  Drone  
  67  4:54  Drone, Extractor  
  67  4:56  Drone x2, Roach Warren  
  67  4:58  Drone  
  67  4:59  Drone  
  70  5:00  Drone  
  70  5:02  Drone x2  
  70  5:05  Drone x2  
  70  5:06  Drone  
  76  5:09  Drone x2  
  76  5:10  Drone  
  76  5:11  Drone  
  80  5:24  Overlord  
  80  5:28  Extractor x2, Overlord  
  79  5:33  Evolution Chamber  
  77  5:35  Evolution Chamber  
  77  5:36  Roach x2  
  77  5:37  Roach x6  
  77  5:39  Glial Reconstitution  
  77  5:42  Roach  
  94  5:45  Drone x2  
  94  5:46  Drone  
  94  5:49  Roach  
  99  5:51  Drone x2  
  101  5:57  Overlord  
  101  6:01  Zerg Ground Armor Level 1  
  103  6:04  Extractor, Roach x3  
  103  6:06  Roach  
  106  6:14  Roach  
  106  6:15  Roach x3  
  106  6:18  Drone x3  
  116  6:19  Overlord  
  116  6:20  Drone x3  
  120  6:33  Overlord  
  120  6:36  Ravager x2  
  120  6:37  Ravager  
  120  6:38  Roach x4  
  129  6:46  Roach  
  129  6:48  Overlord x2  
  129  6:51  Overlord  
  129  6:52  Zerg Missile Weapons Level 1  
  129  6:57  Roach x4  
  129  6:59  Drone  
  134  7:01  Overlord  
  134  7:05  Overlord  
  134  7:06  Ravager  
  134  7:08  Roach x4  
  143  7:11  Roach x3  
  143  7:12  Hatchery  
  148  7:19  Roach  
  148  7:20  Roach x4  
  158  7:26  Ravager x2  
  168  7:30  Roach x4  
  155  7:43  Ravager  
  150  7:46  Roach x8  
  166  7:53  Roach x4  
  174  7:58  Overlord  
  174  7:59  Drone x3, Overlord  
  174  8:04  Overlord  
  177  8:13  Overlord  
  177  8:14  Zerg Ground Armor Level 2  
  177  8:25  Drone, Queen  
  180  8:29  Infestation Pit  
  180  8:30  Spore Crawler  
  178  8:35  Drone x3  
  178  8:38  Extractor x2  
  179  8:43  Drone  
  179  8:47  Drone  
  181  8:49  Overlord  
  181  8:50  Spore Crawler  
  180  8:59  Zerg Missile Weapons Level 2  
  180  9:01  Hydralisk Den  
  179  9:06  Infestor x2, Hive  
  183  9:11  Drone x3  
  182  9:24  Drone  
  182  9:25  Drone x3, Hatchery  
  182  9:27  Drone x3  
  188  9:34  Lurker Den  
  187  9:43  Hydralisk x2  
  187  9:44  Hydralisk x4  
  199  9:47  Lurker Den  
  198  10:00  Grooved Spines  
  198  10:03  Burrow  
  194  10:23  Hydralisk x2  
  194  10:32  Lurker x6  
  188  11:07  Hydralisk x5  
  188  11:08  Hydralisk x3  
  170  11:22  Zergling x4, Roach  
Show
View Real Time Build Order
Export as new Build Order

Coffeeame Terran - Winner!

Build Orders:  

Get SALT Encoding   

  12  0:00  SCV  
  13  0:12  SCV  
  14  0:17  Supply Depot  
  14  0:24  SCV  
  15  0:38  SCV  
  15  0:40  Barracks  
  16  0:43  Refinery  
  16  0:50  SCV  
  17  0:59  Barracks  
  17  1:06  SCV  
  18  1:18  SCV  
  19  1:27  Reaper  
  19  1:30  Orbital Command  
  20  1:35  Supply Depot  
  20  1:46  Reaper  
  21  1:56  SCV  
  22  2:03  Reaper  
  22  2:08  SCV  
  24  2:12  Command Center  
  24  2:19  Refinery  
  24  2:21  Reaper  
  25  2:23  SCV  
  26  2:35  SCV  
  27  2:40  Reaper  
  28  2:47  SCV  
  28  2:50  Command Center  
  29  2:58  Barracks Reactor  
  29  2:59  SCV  
  30  3:11  SCV  
  31  3:15  Factory  
  31  3:17  Barracks Tech Lab  
  30  3:36  SCV  
  31  3:42  Marine x3  
  31  3:43  Orbital Command  
  34  3:51  SCV  
  34  3:55  Stimpack  
  35  4:02  Marine x3  
  38  4:03  SCV  
  38  4:07  Orbital Command  
  39  4:15  SCV  
  39  4:16  Factory Reactor, Starport  
  37  4:19  SCV  
  37  4:20  Marine  
  37  4:21  Marine  
  37  4:22  Marine  
  40  4:27  SCV  
  40  4:31  SCV  
  42  4:33  Refinery  
  42  4:34  SCV  
  42  4:38  Marine  
  44  4:39  SCV, Marine x2  
  44  4:43  SCV  
  44  4:45  Engineering Bay  
  48  4:48  Engineering Bay  
  48  4:49  SCV  
  48  4:52  SCV  
  50  4:55  SCV  
  50  4:58  Marine x2  
  53  5:02  Medivac x2  
  53  5:04  SCV  
  53  5:05  Supply Depot  
  59  5:07  Orbital Command, Supply Depot  
  59  5:10  Marine  
  59  5:14  Terran Infantry Weapons Level 1, Refinery  
  59  5:16  Terran Infantry Armor Level 1, Marine x2  
  61  5:24  Factory Reactor  
  61  5:27  Marine, SCV x2  
  64  5:29  Barracks, Supply Depot  
  64  5:33  Marine  
  65  5:37  SCV  
  65  5:39  SCV  
  65  5:42  Combat Shield, Starport Reactor  
  67  5:45  SCV  
  67  5:49  Barracks, SCV  
  69  5:50  Barracks  
  69  5:52  Marine, SCV  
  69  5:53  Marine x2  
  73  5:57  SCV  
  73  6:03  SCV  
  73  6:04  SCV  
  76  6:09  SCV  
  76  6:10  Marine x2  
  82  6:15  SCV  
  82  6:16  SCV  
  82  6:18  Supply Depot x2  
  84  6:20  Barracks Reactor  
  84  6:27  Armory  
  84  6:28  Medivac x2  
  84  6:31  Marine  
  85  6:32  Factory  
  85  6:34  Factory Tech Lab  
  85  6:35  Supply Depot  
  85  6:36  SCV x2, Marine  
  85  6:37  Supply Depot  
  88  6:40  Barracks Reactor, Barracks Tech Lab, Marine  
  88  6:41  Marine x2  
  91  6:53  SCV x2  
  93  6:55  Marine x2  
  93  6:58  Marine  
  93  7:00  Medivac x2  
  100  7:07  Marine x3  
  100  7:08  Siege Tank, SCV x2  
  105  7:10  SCV  
  105  7:12  Refinery  
  105  7:13  Marine  
  110  7:17  Refinery  
  110  7:19  Supply Depot  
  110  7:20  Factory Tech Lab, Supply Depot, SCV  
  110  7:21  SCV  
  110  7:22  SCV  
  113  7:25  Marine x2  
  113  7:26  Marine  
  116  7:32  SCV  
  116  7:34  SCV x2  
  116  7:35  Supply Depot  
  116  7:42  Siege Tank x2  
  116  7:43  Marine x5  
  123  7:46  SCV  
  123  7:47  SCV  
  123  7:50  Terran Infantry Weapons Level 2  
  125  7:52  Marine x2  
  125  7:56  Marine  
  127  8:01  Terran Infantry Armor Level 2, Marine x2  
  128  8:07  Marine x2  
  128  8:11  Marine x3  
  132  8:14  Marine  
  132  8:18  Marine, Supply Depot x2  
  134  8:23  Marine  
  134  8:24  Siege Tank x2  
  134  8:25  Marine x2  
  139  8:31  Supply Depot  
  139  8:36  Marine x5  
  139  8:37  Supply Depot x2  
  144  8:41  Marine  
  142  8:56  Siege Tank  
  142  8:58  Marine x3  
  142  8:59  Siege Tank  
  142  9:01  Terran Vehicle Weapons Level 1  
  151  9:03  Marine x3  
  151  9:06  Marauder x2  
  151  9:07  Concussive Shells  
  158  9:16  Marine  
  159  9:21  Command Center  
  159  9:24  Marine x5  
  159  9:27  Marine x2  
  159  9:28  Siege Tank  
  159  9:30  Medivac x2  
  173  9:31  Siege Tank  
  173  9:34  Marine  
  176  9:42  Marine x5  
  176  9:45  Barracks x2, Marine x2  
  182  9:48  Barracks  
  182  9:51  Bunker  
  182  10:00  Siege Tank  
  182  10:01  Marine x4  
  182  10:06  Ghost Academy  
  189  10:07  Supply Depot  
  189  10:09  Supply Depot  
  189  10:20  Marine  
  189  10:23  Marine x2  
  189  10:24  Marine x2  
  189  10:25  Marine x2  
  189  10:27  Marine  
  189  10:29  Siege Tank  
  189  10:33  Siege Tank  
  192  10:41  Marine x2  
  194  10:42  Marine  
  192  11:01  Siege Tank  
  193  11:05  Siege Tank  
  176  11:22  Marine x7  
  176  11:23  Marine  

Tags
 
Add a new tag
Caveats
  • Supply blocks, unpowered buildings, or Contaminate may cause inaccurate times.
  • Supply counts are checked every 10 seconds.